 Dungeon Crawl Stone Soup version 0.22.0 (webtiles) character file.

2011 Frostfox the Shield-Bearer (level 9, -1/73 HPs)
             Began as a Gnoll Fighter on Sept 3, 2018.
             Was an Initiate of Nemelex Xobeh.
             Splashed by Harold's acid (11 damage)
             ... on level 6 of the Dungeon.
             The game lasted 00:14:22 (5751 turns).

Frostfox the Shield-Bearer (Gnoll Fighter)          Turns: 5751, Time: 00:14:23

Health: -1/73      AC: 19    Str: 19    XL:     9   Next: 22%
Magic:  15/15      EV: 12    Int: 10    God:    Nemelex Xobeh [......]
Gold:   285        SH: 11    Dex: 18    Spells: 16/16 levels left

rFire    . . .     SeeInvis .   F - +4 flail (protect)
rCold    + . .     Gourm    .   c - +0 shield
rNeg     . . .     Faith    .   p - +4 chain mail
rPois    .         Spirit   .   (no helmet)
rElec    .         Reflect  .   u - +0 cloak
rCorr    .         Harm     .   (no gloves)
MR       .....                  (no boots)
Stlth    ..........             g - amulet of regeneration
HPRegen  0.62/turn              q - +4 ring of evasion
MPRegen  0.14/turn              G - ring of protection from cold

@: marked, corroded, protection aura
A: distributed training, fangs 1, strong nose
a: Renounce Religion


You were on level 6 of the Dungeon.
You worshipped Nemelex Xobeh.
Nemelex Xobeh was noncommittal.
You were not hungry.

You visited 2 branches of the dungeon, and saw 8 of its levels.
You also visited: Sewer.

You collected 285 gold pieces.

Inventory:

Hand Weapons
 a - a +1 war axe
 F - a +4 flail of protection (weapon)
Armour
 b - a +0 scale mail
 c - a +0 shield (worn)
 p - a +4 chain mail (worn)
 u - a +0 cloak (worn)
Jewellery
 g - an amulet of regeneration (around neck)
 q - a +4 ring of evasion (left hand)
 G - a ring of protection from cold (right hand)
Wands
 n - a wand of iceblast (11)
 D - a wand of polymorph (8)
 J - a wand of acid (10)
Scrolls
 e - a scroll of remove curse
 h - 2 scrolls of enchant armour
 o - a scroll of random uselessness {unknown}
 s - a scroll of immolation
 v - a scroll of blinking
 w - 8 scrolls of fog
 x - a scroll of fear {unknown}
 y - 3 scrolls of magic mapping
 E - a scroll of teleportation {unknown}
 H - 2 scrolls of amnesia {unknown}
Potions
 d - a potion of might
 i - 4 potions of curing (quivered)
 j - 7 potions of degeneration
 k - 3 potions of magic
 l - 2 potions of brilliance {unknown}
 m - 5 potions of haste
 r - a potion of lignification {unknown}
 t - 4 potions of heal wounds
 z - 2 potions of flight {unknown}
 B - a potion of resistance {unknown}
 C - a potion of ambrosia {unknown}
 I - a potion of invisibility {unknown}
Comestibles
 f - 8 rations
 L - 2 chunks of flesh


   Skills:
 + Level 7.7 Fighting
 + Level 4.0 Short Blades
 + Level 4.0 Long Blades
 + Level 6.1 Axes
 + Level 4.0 Maces & Flails
 + Level 4.0 Polearms
 + Level 4.0 Staves
 + Level 4.0 Slings
 + Level 4.0 Bows
 + Level 4.0 Crossbows
 + Level 4.0 Throwing
 + Level 7.7 Armour
 + Level 4.0 Dodging
 + Level 4.0 Stealth
 + Level 7.7 Shields
 + Level 4.0 Unarmed Combat
 + Level 4.0 Spellcasting
 + Level 3.2 Conjurations
 + Level 3.2 Hexes
 + Level 3.2 Charms
 + Level 3.2 Summonings
 + Level 3.2 Necromancy
 + Level 3.2 Translocations
 + Level 3.2 Transmutations
 + Level 3.2 Fire Magic
 + Level 3.2 Ice Magic
 + Level 3.2 Air Magic
 + Level 3.2 Earth Magic
 + Level 3.2 Poison Magic
 + Level 4.3 Invocations
 + Level 4.0 Evocations


You had 16 spell levels left.
You didn't know any spells.
Your spell library was empty.

Dungeon Overview and Level Annotations

Branches:
Dungeon (7/15)             Temple (1/1) D:6

Altars:
Ashenzari
Cheibriados
Dithmenos
Elyvilon
Fedhas
Gozag
Hepliaklqana
Kikubaaqudgha
Makhleb
Nemelex Xobeh
Okawaru
Qazlal
Ru
Sif Muna
Trog
Uskayaw
Vehumet
Wu Jian
Xom
Zin
The Shining One

Annotations:
D:6 Harold


Innate Abilities, Weirdness & Mutations

Your experience applies equally to all skills.
You have very sharp teeth.
Your uncanny sense of smell can sniff out nearby items.


Message History

You block the worker ant's attack.
Harold hits you with a war axe of flaming.
Harold burns you.
The bullfrog skeleton closely misses you.
You block the worker ant's attack.
You climb upwards.
There is a stone staircase leading down here.
You thump Harold!
Harold is severely wounded.
You block the worker ant's attack.
Harold zaps a wand.
The bolt of acid hits you!
You are splashed with acid!
The acid burns!
You hit Harold but do no damage.
Harold is severely wounded.
The worker ant barely misses you.
Harold pauses a moment, imagining something with a smile on his face.
Harold zaps a wand.
The bolt of acid hits you!
* * * LOW HITPOINT WARNING * * *
The acid corrodes you!
You are splashed with acid!
The acid burns!
You die...
Your body disappears without a glow.

#..## #....# ####....#
#.## #...## #..###
##..# #...# ##..#
####...## #...# #..##
#....#..# #...# ##.##
##..#..#.###...# #..#
##.##...#..#....# ##.##
#.....#..#..a...####..#
##..........@@...##..##
#.####...#.#####.....#
###.# ##...## #.....##
##.### ##..# ##.....##
# #.#.### #..##
#......# ##### ###.(.#
##..# ##.....###....
##..# #..#
#..........## ##.##
##.## #.....##.....
###..# #..#
#....######.#


You could see Harold and a worker ant.

Vanquished Creatures
  The ghost of BigChef the Slasher, a novice HuFi of Qazlal (D:6)
  Grinder (D:3)
  Sigmund (D:5)
  Edmund (D:5)
  Duvessa (D:6)
  An ogre (D:5)
  3 bullfrogs
  Dowan (D:6)
  A scorpion (D:3)
  2 orc priests (D:3)
  A jelly (D:6)
  3 worker ants (D:5)
  Ijyb (D:4)
  Terence (D:2)
  2 hound zombies (D:3)
  2 hound skeletons
  8 gnolls
  6 adders
  4 river rats (Sewer)
  3 oozes
  An adder zombie (D:3)
  4 dart slugs
  2 leopard geckos
  16 orcs
  6 bats
  6 giant cockroaches
  4 goblins (D:1)
  2 hobgoblins
  13 jackals
  10 kobolds
  3 quokkas
  13 ball pythons
  10 frilled lizards
  A jackal zombie (D:3)
  A leopard gecko skeleton (D:5)
  A quokka skeleton (D:3)
  46 rats
183 creatures vanquished.

Vanquished Creatures (others)
  A howler monkey zombie (D:7)
1 creature vanquished.

Grand Total: 184 creatures vanquished

Notes
Turn   | Place    | Note
-------+----------+-------------------------------------------
     0 | D:1      | Frostfox the Gnoll Fighter began the quest for the Orb.
     0 | D:1      | Reached XP level 1. HP: 23/23 MP: 1/1
   100 | D:1      | Reached XP level 2. HP: 29/29 MP: 2/2
   565 | D:2      | Reached XP level 3. HP: 35/35 MP: 3/3
   724 | D:2      | Reached skill level 1 in Invocations
   914 | D:2      | Reached skill level 1 in Short Blades
   914 | D:2      | Reached skill level 1 in Long Blades
   914 | D:2      | Reached skill level 1 in Maces & Flails
   914 | D:2      | Reached skill level 1 in Polearms
   914 | D:2      | Reached skill level 1 in Staves
   914 | D:2      | Reached skill level 1 in Slings
   914 | D:2      | Reached skill level 1 in Bows
   914 | D:2      | Reached skill level 1 in Crossbows
   914 | D:2      | Reached skill level 1 in Throwing
   914 | D:2      | Reached skill level 1 in Dodging
   914 | D:2      | Reached skill level 1 in Stealth
   914 | D:2      | Reached skill level 1 in Unarmed Combat
   914 | D:2      | Reached skill level 1 in Spellcasting
   914 | D:2      | Reached skill level 1 in Evocations
   916 | D:2      | Reached XP level 4. HP: 41/41 MP: 5/5
  1053 | D:2      | Noticed Terence
  1060 | D:2      | Killed Terence
  1350 | D:2      | Reached skill level 1 in Conjurations
  1350 | D:2      | Reached skill level 1 in Hexes
  1350 | D:2      | Reached skill level 1 in Charms
  1350 | D:2      | Reached skill level 1 in Summonings
  1350 | D:2      | Reached skill level 1 in Necromancy
  1350 | D:2      | Reached skill level 1 in Translocations
  1350 | D:2      | Reached skill level 1 in Transmutations
  1350 | D:2      | Reached skill level 1 in Fire Magic
  1350 | D:2      | Reached skill level 1 in Ice Magic
  1350 | D:2      | Reached skill level 1 in Air Magic
  1350 | D:2      | Reached skill level 1 in Earth Magic
  1350 | D:2      | Reached skill level 1 in Poison Magic
  1498 | D:3      | Noticed Grinder
  1510 | D:3      | Reached XP level 5. HP: 21/47 MP: 5/7
  1529 | D:3      | Killed Grinder
  1529 | D:3      | Reached skill level 5 in Axes
  1529 | D:3      | Reached XP level 6. HP: 33/53 MP: 7/9
  1614 | D:3      | Found a glowing drain.
  1637 | Sewer    | Entered a sewer
  1807 | Sewer    | Reached XP level 7. HP: 59/59 MP: 10/10
  2870 | D:4      | Noticed Ijyb
  2882 | D:4      | Killed Ijyb
  3462 | D:5      | Entered Level 5 of the Dungeon
  3516 | D:5      | Noticed Sigmund
  3528 | D:5      | Killed Sigmund
  3528 | D:5      | Reached XP level 8. HP: 67/67 MP: 12/12
  3826 | D:5      | Noticed Edmund
  3857 | D:5      | Killed Edmund
  4277 | D:6      | Noticed Dowan
  4278 | D:6      | Noticed Duvessa
  4293 | D:6      | Killed Duvessa
  4303 | D:6      | Killed Dowan
  4463 | D:6      | Found a staircase to the Ecumenical Temple.
  4467 | D:6      | Found a runed door.
  4478 | Temple   | Entered the Ecumenical Temple
  4528 | Temple   | Became a worshipper of Nemelex Xobeh the Trickster
  4641 | D:6      | Found a sparkling altar of Nemelex Xobeh.
  4685 | D:6      | Received a gift from Nemelex Xobeh
  4837 | D:6      | Noticed BigChef's ghost (novice HuFi)
  5561 | D:6      | Killed BigChef's ghost
  5561 | D:6      | Reached XP level 9. HP: 73/73 MP: 14/14
  5644 | D:7      | Noticed Harold
  5751 | D:6      | Splashed by Harold's acid

Skill      XL: |  1  2  3  4  5  6  7  8  9 |
---------------+----------------------------+-----
Invocations    | 1 2 3 4 |  4.3
Short Blades   | 1 2 3 4 |  4.0
Long Blades    | 1 2 3 4 |  4.0
Maces & Flails | 1 2 3 4 |  4.0
Polearms       | 1 2 3 4 |  4.0
Staves         | 1 2 3 4 |  4.0
Slings         | 1 2 3 4 |  4.0
Bows           | 1 2 3 4 |  4.0
Crossbows      | 1 2 3 4 |  4.0
Throwing       | 1 2 3 4 |  4.0
Dodging        | 1 2 3 4 |  4.0
Stealth        | 1 2 3 4 |  4.0
Unarmed Combat | 1 2 3 4 |  4.0
Spellcasting   | 1 2 3 4 |  4.0
Evocations     | 1 2 3 4 |  4.0
Conjurations   | 1 2 3 |  3.2
Hexes          | 1 2 3 |  3.2
Charms         | 1 2 3 |  3.2
Summonings     | 1 2 3 |  3.2
Necromancy     | 1 2 3 |  3.2
Translocations | 1 2 3 |  3.2
Transmutations | 1 2 3 |  3.2
Fire Magic     | 1 2 3 |  3.2
Ice Magic      | 1 2 3 |  3.2
Air Magic      | 1 2 3 |  3.2
Earth Magic    | 1 2 3 |  3.2
Poison Magic   | 1 2 3 |  3.2
Axes           | 5 6 |  6.1
Fighting       | 7 |  7.7
Armour         | 7 |  7.7
Shields        | 7 |  7.7

Action                   |  1- 3 |  4- 6 |  7- 9 || total
-------------------------+-------+-------+-------++-------
Melee: War axe           |   113 |   124 |   180 ||   417
       Bite              |    14 |     7 |    45 ||    66
       Unarmed           |       |       |     1 ||     1
       Flail             |       |       |    93 ||    93
Evoke: Deck              |       |       |     4 ||     4
       Wand              |       |       |     1 ||     1
  Use: Scroll            |       |     4 |    11 ||    15
       Potion            |       |       |     2 ||     2
  Eat: Chunk             |       |     3 |    10 ||    13
       Ration            |       |       |     1 ||     1
Armor: Scale mail        |    35 |       |       ||    35
       Chain mail        |    28 |    58 |   134 ||   220
Dodge: Dodged            |    43 |    67 |   172 ||   282
Block: Shield            |    75 |    80 |   190 ||   345
